 Dungeon Crawl Stone Soup version 0.18.0-1-g0107ab7 (webtiles) character file.

471 Gingerlord the Agent of Entropy (level 6, -5/49 HPs)
             Began as a Demonspawn Abyssal Knight on May 6, 2016.
             Was a Priest of Lugonu.
             Slain by a two-headed ogre
             ... wielding a +0 giant club
              (24 damage)
             ... on level 5 of the Dungeon.
             The game lasted 00:07:34 (3035 turns).

Gingerlord the Agent of Entropy (DsAK)              Turns: 3035, Time: 00:07:34

Health: -5/49      AC:  9    Str: 14    XL:     6   Next: 83%
Magic:  5/9        EV:  7    Int: 14    God:    Lugonu [***...]
Gold:   226        SH:  0    Dex: 14    Spells: 0 memorised, 5 levels left

rFire  . . .     SeeInvis +     r - +1 long sword of Anguish {venom, rC+} (curse)
rCold  + + .     Gourm    .     n - +0 chain mail
rNeg   . . .     Faith    .     (no shield)
rPois  .         Spirit   .     (helmet restricted)
rElec  .         Dismiss  .     (no cloak)
rCorr  .         Reflect  .     (no gloves)
SustAt .         Harm     .     (no boots)
MR     .....                    (no amulet)
Stlth  ..........               t - +2 ring of strength
                                k - ring of see invisible

@: not resistant to hostile enchantments, extremely unstealthy
A: horns 1, cold resistance 1, spiny 2
a: Depart the Abyss, Bend Space, Banish, Renounce Religion


You were on level 5 of the Dungeon.
You worshipped Lugonu.
Lugonu was most pleased with you.
You were not hungry.

You visited 1 branch of the dungeon, and saw 5 of its levels.
You visited the Abyss 1 time.

You collected 226 gold pieces.

Inventory:

Hand Weapons
 a - a +2 hand axe
 r - the cursed +1 long sword of Anguish (weapon) {venom, rC+}
   (You found it on level 4 of the Dungeon)

   It poisons the flesh of those it strikes.
   It protects you from cold.
   It has a curse placed upon it.
Armour
 n - a +0 chain mail (worn)
Jewellery
 f - an uncursed amulet of the gourmand {unknown}
 k - a ring of see invisible (left hand)
 t - a +2 ring of strength (right hand)
Scrolls
 b - a scroll of recharging {unknown}
 d - a scroll of fog
 g - 2 scrolls of random uselessness {unknown}
 h - a scroll of remove curse
 i - 2 scrolls of magic mapping {unknown}
 m - a scroll of teleportation {unknown}
 o - 2 scrolls of enchant armour {unknown}
 s - 2 scrolls of amnesia
 u - a scroll of identify {unknown}
Potions
 e - a potion of degeneration {unknown}
 j - 2 potions of invisibility {unknown}
 l - 2 potions of curing {unknown}
 p - a potion of flight {unknown}
 q - a potion of cancellation {unknown}
 v - 2 potions of cure mutation {unknown}
Comestibles
 c - 4 bread rations


   Skills:
 + Level 4.6 Fighting
 + Level 3.3 Axes
 + Level 3.2 Armour
 + Level 2.6 Dodging
 + Level 4.8 Invocations


You had 5 spell levels left.
You didn't know any spells.

Dungeon Overview and Level Annotations

Branches:
Dungeon (5/15)
 Temple: D:4-7

Altars:
Dithmenos
Elyvilon
Fedhas
Xom
The Shining One


Innate Abilities, Weirdness & Mutations

You have a pair of small horns on your head.
Your flesh is cold resistant.
You are mostly covered in sharp spines.


Message History

Found 4 large rocks.
Found a stone staircase leading up.
A two-headed ogre comes into view.
It is wielding a giant club and a giant spiked club.
The two-headed ogre shouts in stereo!
Found 18 gold pieces.
A two-headed ogre is nearby!
Press: ? - help, Shift-Dir - straight line, f - two-headed ogre
Aim: a two-headed ogre, wielding a giant club and a giant spiked club (chance to defeat MR: 69%)
The two-headed ogre struggles to resist.
You feel somewhat more hungry.
Press: ? - help, Shift-Dir - straight line, f/p - two-headed ogre
Aim: a two-headed ogre, wielding a giant club and a giant spiked club (chance to defeat MR: 69%)
You fail to use your ability.
The two-headed ogre hits you with a giant club!
The two-headed ogre hits you with a giant spiked club!
Unknown command.
You hit the two-headed ogre.
The two-headed ogre is lightly wounded.
The two-headed ogre is struck by your spines.
The two-headed ogre hits you with a giant club!!
You die...

<..#...........>...
#..................
#.................
..#................#
.....#...........###
.....#..........##
..............###
............###
.(.......@..#
..####....O..# .
#........#
#..........#
#...........#
#....$.......
#.####...###. ##
####


You could see a two-headed ogre.

Vanquished Creatures
  An ogre (D:4)
  2 howler monkeys (D:4)
  A hound (D:3)
  The ghost of tbh1313 the Sneak, a weakling SpEn (D:3)
  A jelly (D:5)
  Ijyb (D:3)
  An iguana (D:4)
  2 orc wizards (D:4)
  6 adders
  A worm (D:2)
  4 dart slugs
  3 giant geckos
  3 orcs
  6 giant cockroaches
  2 goblins
  3 hobgoblins
  2 jackals
  6 kobolds
  A quokka (D:2)
  2 ball pythons
  9 bats
  3 giant newts
  6 rats
67 creatures vanquished.

Vanquished Creatures (others)
  5 sheep (D:4)
5 creatures vanquished.

Grand Total: 72 creatures vanquished

Notes
Turn   | Place    | Note
--------------------------------------------------------------
     0 | Abyss:1  | Gingerlord the Demonspawn Abyssal Knight began the quest for the Orb.
     0 | Abyss:1  | Reached XP level 1. HP: 18/18 MP: 2/2
    16 | D:1      | Escaped the Abyss
    86 | D:1      | Reached skill level 1 in Dodging
   376 | D:1      | Gained mutation: You are partially covered in sharp spines. [demonic ancestry]
   376 | D:1      | Reached XP level 2. HP: 24/24 MP: 3/3
   771 | D:2      | Reached ** piety under Lugonu
   955 | D:2      | Found a blossoming altar of Fedhas.
   957 | D:2      | Gained mutation: You are mostly covered in sharp spines. [demonic ancestry]
   957 | D:2      | Reached XP level 3. HP: 25/29 MP: 5/5
  1477 | D:2      | Gained mutation: You have a pair of small horns on your head. [demonic ancestry]
  1477 | D:2      | Reached XP level 4. HP: 36/36 MP: 6/6
  1553 | D:3      | Noticed Ijyb
  1558 | D:3      | Killed Ijyb
  1582 | D:3      | Noticed tbh1313's ghost (weakling SpEn)
  1589 | D:3      | Killed tbh1313's ghost
  1866 | D:3      | Gained mutation: Your flesh is cold resistant. [demonic ancestry]
  1866 | D:3      | Reached XP level 5. HP: 34/42 MP: 6/8
  1888 | D:3      | Found a white marble altar of Elyvilon.
  2449 | D:4      | Found a shadowy altar of Dithmenos.
  2477 | D:4      | Got a bloodstained long sword
  2478 | D:4      | Identified the cursed +1 long sword of Anguish {venom, rC+} (You found it on level 4 of the Dungeon)
  2527 | D:4      | Reached *** piety under Lugonu
  2576 | D:4      | Found a shimmering altar of Xom.
  2703 | D:4      | Reached XP level 6. HP: 46/48 MP: 9/9
  2764 | D:4      | Found a glowing golden altar of the Shining One.
  3007 | D:5      | Entered Level 5 of the Dungeon
  3030 | D:5      | Noticed a two-headed ogre
  3035 | D:5      | Slain by a two-headed ogre

Skill      XL: |  1  2  3  4  5  6 |
---------------+-------------------+-----
Dodging        | 1 2 |  2.6
Armour         | 2 3 |  3.2
Axes           | 2 3 |  3.3
Invocations    | 3 4 |  4.8
Fighting       | 4 |  4.6

Action                   |  1- 3 |  4- 6 || total
-------------------------+-------+-------++-------
Melee: Hand axe          |    63 |    18 ||    81
       Headbutt          |       |     6 ||     6
       Long sword        |       |    21 ||    21
Invok: Banish            |       |     1 ||     1
  Use: Scroll            |       |     5 ||     5
  Eat: Chunk             |     1 |     2 ||     3
       Royal jelly       |       |     1 ||     1
       Pizza             |       |     1 ||     1
Armor: Leather armour    |    19 |     3 ||    22
       Chain mail        |       |    15 ||    15
Dodge: Dodged            |    28 |    15 ||    43
